AoeStats
← MisoConnoisseur

Arabia

508166961Analyzed
1v1 RM · 11d ago on Sep 21, 2026· 29m 6s· 2 players
Game mode
Random Map
Map size
Tiny (2 player)
Population
200
Speed
Normal
Resources
Standard
Victory
Conquest
Starting age
Dark Age
Ending age
Imperial Age
RankedLock teamsTeams togetherTeam positionsShared explorationLock speedFull tech treeHidden civsTurbo modeCheats
Victory
Defeat
🇦🇺 Franks · Australia
1056
+16
🇧🇴 Magyars · Bolivia
1048
-16
NicoCHavez2015
7:36 Loom
10:53 Feudal Age
12:18 Double-Bit Axe
13:07 Horse Collar
18:19 Bloodlines
19:45 Town Watch
21:02 Gold Mining
23:58 Castle Age
MisoConnoisseur
4:51 Loom
10:36 Feudal Age
12:35 Double-Bit Axe
14:18 Gold Mining
15:06 Wheelbarrow
19:29 Castle Age
19:14 Scale Barding Armor
20:30 Husbandry
21:10 Chain Barding Armor
23:54 Forging
24:23 Gold Shaft Mining
25:22 Bow Saw
Connection lost

Rejoining the realm…

Still unreachable

The connection could not be restored.

Session expired

The server has moved on; the page needs a fresh start.